 Dungeon Crawl Stone Soup version 0.22.0-38-g04b72b8 (webtiles) character file.

557 Marcoleric the Twirler (level 7, 0/52 HPs)
             Began as a Demonspawn Gladiator on Aug 29, 2018.
             Was a Follower of Kikubaaqudgha.
             Slain by a water moccasin (2 damage)
             ... on level 6 of the Dungeon.
             The game lasted 00:14:22 (2935 turns).

Marcoleric the Twirler (Demonspawn Gladiator)       Turns: 2935, Time: 00:14:23

Health: 0/52       AC:  8    Str: 14 (17) XL:     7   Next: 9%
Magic:  7/7        EV: 12    Int:  8 (9)  God:    Kikubaaqudgha [*.....]
Gold:   132        SH:  0    Dex: 12 (14) Spells: 6/6 levels left

rFire    . . .     SeeInvis .   a - +0 quarterstaff
rCold    . . .     Gourm    .   (shield currently unavailable)
rNeg     . . .     Faith    .   b - +1 leather armour
rPois    .         Spirit   .   c - +0 helmet
rElec    .         Reflect  .   (no cloak)
rCorr    .         Harm     .   (no gloves)
MR       .....                  g - +0 pair of boots
Stlth    +.........             (no amulet)
HPRegen  0.17/turn              (no ring)
MPRegen  0.10/turn              (no ring)

@: heavily drained
A: hooves 2, thin metallic scales 1, powered by pain 1, rot immunity
a: Receive Corpses, Renounce Religion


You were on level 6 of the Dungeon.
You worshipped Kikubaaqudgha.
Kikubaaqudgha was aware of your devotion.
You were very hungry.

You visited 1 branch of the dungeon, and saw 5 of its levels.

You collected 132 gold pieces.

Inventory:

Hand Weapons
 a - a +0 quarterstaff (weapon)
 i - a +0 scythe
Armour
 b - a +1 leather armour (worn)
 c - a +0 helmet (worn)
 g - a +0 pair of boots (worn)
 n - a +0 scale mail
 s - a cursed +0 leather armour
Jewellery
 r - a cursed amulet of harm {unknown}
Wands
 d - a wand of paralysis (2)
Scrolls
 h - a scroll of teleportation
 j - a scroll of magic mapping
 l - a scroll of remove curse
 q - a scroll of noise {unknown}
Potions
 f - a potion of degeneration
 k - a potion of curing
 p - 2 potions of cancellation


   Skills:
 + Level 3.0(1.4) Fighting
 + Level 5.6(3.8) Staves
 + Level 2.1(0.5) Throwing
 + Level 2.5(0.8) Armour
 + Level 3.5(1.8) Dodging
 + Level 1.6(0.0) Stealth


You had 6 spell levels left.
You didn't know any spells.
Your spell library contained the following spells:

 Spells                   Type           Power        Failure   Level  Hunger
 Animate Skeleton         Necr           N/A          47%         1    ##.....
 Pain                     Necr           #...         47%         1    ##.....
 Sublimation of Blood     Necr           #.........   63%         2    ###....
 Regeneration             Chrm/Necr      #.........   85%         3    ####...


Dungeon Overview and Level Annotations

Branches:
Dungeon (4/15)
 Temple: D:4-7

Altars:
Dithmenos
Kikubaaqudgha

Shops:
D:6 (!

Annotations:
D:4 Grinder


Innate Abilities, Weirdness & Mutations

You have hoof-like feet.
You are partially covered in thin metallic scales. (AC +2)
You sometimes gain a little power by taking damage.
You are immune to rotting.


Message History

You hit the water moccasin but do no damage.
The water moccasin is almost dead.
The water moccasin closely misses you.
You miss the water moccasin.
The water moccasin is almost dead.
The water moccasin barely misses you. The water moccasin closely misses you.
You closely miss the water moccasin.
The water moccasin is almost dead.
The water moccasin closely misses you.
You hit the water moccasin.
The water moccasin is almost dead.
The water moccasin bites you.
* * * LOW HITPOINT WARNING * * *
The water moccasin bites you.
* * * LOW HITPOINT WARNING * * *
You closely miss the water moccasin.
The water moccasin is almost dead.
The water moccasin bites you.
You die...
Kikubaaqudgha rasps: "You have failed me!
Welcome... death!"

##.###......#.#+###>....
#.# #..#'#..........#
#o# #..'∩'..#..(....#
#.# #..#'#..#.......#
#o# #......##...?o..#
#o#
###....##......o###+#
#.# ##.#####+###.......
#.# ###S# #.# #...o...
#.# #.?@#####'###....oo.
#.#
##.#........#######S#
#.# #...(.......# .5w
#.###..PP.......# ...$
#.##..P∩.......## .....
#.()..PPP.....## ......
#####.....##### ##.....
#####'### #...)..#


You could see a water moccasin.

Vanquished Creatures
  Sigmund (D:2)
  A hungry ghost (D:3)
  2 howler monkeys (D:4)
  A crimson imp (D:6)
  Ijyb (D:3)
  A worker ant (D:4)
  4 adders
  A worm (D:2)
  3 dart slugs
  2 leopard geckos
  7 orcs
  A ball python (D:3)
  7 bats
  3 giant cockroaches
  4 goblins
  5 hobgoblins
  8 jackals
  A quokka (D:3)
  7 frilled lizards
  6 kobolds
  3 rats (D:1)
69 creatures vanquished.

Notes
Turn   | Place    | Note
-------+----------+-------------------------------------------
     0 | D:1      | Marcoleric the Demonspawn Gladiator began the quest for the Orb.
     0 | D:1      | Reached XP level 1. HP: 16/16 MP: 1/1
   128 | D:1      | Reached skill level 3 in Staves
   173 | D:1      | Gained mutation: You have large cloven feet. [demonic ancestry]
   173 | D:1      | Reached XP level 2. HP: 20/22 MP: 2/2
   818 | D:2      | Gained mutation: You are immune to rotting. [demonic ancestry]
   818 | D:2      | Reached XP level 3. HP: 27/27 MP: 3/3
   928 | D:2      | Noticed Sigmund
   950 | D:2      | Killed Sigmund
   950 | D:2      | Reached skill level 4 in Staves
   950 | D:2      | Reached skill level 1 in Armour
   950 | D:2      | Reached skill level 1 in Stealth
   950 | D:2      | Gained mutation: You sometimes gain a little power by taking damage. [demonic ancestry]
   950 | D:2      | Reached XP level 4. HP: 12/34 MP: 4/4
   950 | D:2      | Gained mutation: You have hoof-like feet. [demonic ancestry]
   950 | D:2      | Reached XP level 5. HP: 14/39 MP: 5/5
  1302 | D:2      | Found an ancient bone altar of Kikubaaqudgha.
  1305 | D:2      | Became a worshipper of Kikubaaqudgha
  1484 | D:2      | Found a shadowy altar of Dithmenos.
  1633 | D:3      | Found a faded altar of an unknown god.
  1859 | D:3      | Noticed a hungry ghost
  1895 | D:3      | Killed a hungry ghost
  1895 | D:3      | Reached XP level 6. HP: 28/46 MP: 6/6
  2031 | D:3      | Noticed Ijyb
  2033 | D:3      | Paralysed by Ijyb for 5 turns
  2041 | D:3      | Paralysed by Ijyb for 5 turns
  2050 | D:3      | Killed Ijyb
  2050 | D:3      | Reached skill level 5 in Staves
  2356 | D:3      | Reached * piety under Kikubaaqudgha
  2356 | D:3      | Identified Kikubaaqudgha's Handbook of Unholy Secrets (Kikubaaqudgha gifted it to you on level 3 of the Dungeon)
  2356 | D:3      | Received a gift from Kikubaaqudgha
  2532 | D:4      | Noticed Grinder
  2534 | D:4      | Gained mutation: You are partially covered in thin metallic scales. (AC +2) [demonic ancestry]
  2534 | D:4      | Reached XP level 7. HP: 33/52 MP: 7/7
  2540 | D:4      | You fall through a shaft for 2 floors!
  2540 | D:6      | Found Arghunim's Antique Weapon Boutique.
  2648 | D:6      | Found Zoqaf's Distillery.
  2934 | D:6      | HP: 2/52 [water moccasin (4)]
  2935 | D:6      | Slain by a water moccasin

Skill      XL: |  1  2  3  4  5  6 |
---------------+-------------------+-----
Staves         | 3 4 5 |  5.6
Dodging        | 3 |  3.5
Throwing       | 2 |  2.1
Armour         | 1 2 |  2.5
Stealth        | 1 |  1.6
Fighting       | 3 |  3.0

Action                   |  1- 3 |  4- 6 |  7- 9 || total
-------------------------+-------+-------+-------++-------
Melee: Quarterstaff      |    73 |   142 |    54 ||   269
       Kick              |     4 |       |       ||     4
Throw: Throwing net      |     2 |     3 |     1 ||     6
  Use: Scroll            |     3 |     1 |     3 ||     7
       Potion            |     2 |       |     7 ||     9
 Stab: Held in net/web   |     2 |       |     2 ||     4
  Eat: Ration            |       |     3 |       ||     3
Armor: Leather armour    |    19 |    63 |    15 ||    97
Dodge: Dodged            |    54 |   106 |    37 ||   197
